 Dungeon Crawl Stone Soup version 0.28-a0-769-g550dbda0cd (webtiles) character file.

Game seed: 10441467296475636152

1817 pokeman the Thaumaturge (level 8, -2/44 HPs)
             Began as a Deep Elf Hedge Wizard on Oct 31, 2021.
             Was an Initiate of Vehumet.
             Killed from afar by an electric eel (10 damage)
             ... with a bolt of electricity
             ... on level 6 of the Dungeon.
             The game lasted 00:13:00 (6482 turns).

pokeman the Thaumaturge (Deep Elf Hedge Wizard)     Turns: 6482, Time: 00:13:01

Health: -2/44      AC:  3    Str:  7    XL:     8   Next: 85%
Magic:  20/24      EV: 12    Int: 22    God:    Vehumet [......]
Gold:   202        SH:  0    Dex: 14    Spells: 16/27 levels left

rFire   . . .      SeeInvis .   s - staff of conjuration
rCold   . . .      Faith    .   (no shield)
rNeg    . . .      Spirit   .   e - +0 leather armour
rPois   .          Reflect  .   c - +0 hat
rElec   .          Harm     .   v - scarf {repulsion}
rCorr   +          Rampage  .   (no gloves)
Will    +....                   (no boots)
Stlth   ++........              (no amulet)
HPRegen 0.14/turn               A - ring of willpower
MPRegen 0.19/turn               u - ring of resist corrosion

@: repel missiles
A: no striking features
a: Renounce Religion


You were on level 6 of the Dungeon.
You worshipped Vehumet.
Vehumet was noncommittal.
You visited 2 branches of the dungeon, and saw 7 of its levels.

You collected 238 gold pieces.
You spent 36 gold pieces at shops.

Inventory:

Hand Weapons
 w - a +3 quarterstaff of chaos
 B - a +3 dagger of venom
 E - a +0 vorpal shortbow
Missiles
 g - 17 bolts
 h - 70 arrows
 z - 2 throwing nets
Armour
 c - a +0 hat (worn)
 d - the +0 ring mail of Dithmenos's Scorn {Rampage rF+ rCorr}
   (You found it on level 5 of the Dungeon)

   rF:        It protects you from fire.
   rCorr:     It protects you from acid and corrosion.
   Rampage:   It bestows one free step when moving towards enemies.
 e - a +0 leather armour (worn)
 v - a scarf of repulsion (worn)
 y - a +0 robe of resistance
Magical Staves
 s - a staff of conjuration (weapon)
Jewellery
 b - an amulet of faith
 u - a ring of resist corrosion (right hand)
 A - a ring of willpower (left hand)
Wands
 l - a wand of iceblast (8)
 x - a wand of flame (44)
 D - a wand of charming (7)
Scrolls
 i - a scroll of holy word
 m - a scroll of blinking
 n - 2 scrolls of enchant weapon {unknown}
 p - a scroll of fog {unknown}
 q - 3 scrolls of identify {unknown}
 r - a scroll of noise {unknown}
 t - a scroll of magic mapping {unknown}
 C - a scroll of amnesia {unknown}
Potions
 a - a potion of lignification {unknown}
 f - 4 potions of curing
 k - a potion of might {unknown}
 o - 2 potions of invisibility {unknown}


   Skills:
 - Level 2.1 Fighting
 + Level 1.4 Armour
 - Level 3.3 Dodging
 - Level 3.0 Stealth
 * Level 10.4 Spellcasting
 + Level 5.5 Conjurations
 - Level 1.1 Summonings
 - Level 1.1 Translocations
 + Level 3.6 Fire Magic
 - Level 1.1 Air Magic
 - Level 3.0 Poison Magic
 - Level 3.0 Evocations


You had 16 spell levels left.
You knew the following spells:

 Your Spells              Type           Power      Damage    Failure   Level
a - Magic Dart            Conj           100%       1d8       1%          1
b - Mephitic Cloud        Conj/Pois/Air  38%        N/A       7%          3
c - Call Imp              Summ           16%        N/A       9%          2
d - Blink                 Tloc           32%        N/A       9%          2
e - Conjure Flame         Conj/Fire      47%        6-21      3%          3

Your spell library contained the following spells:

 Spells                   Type           Power      Damage    Failure   Level
 Summon Small Mammal      Summ           64%        N/A       5%          1
 Slow                     Hex            44%        N/A       9%          1
 Corpse Rot               Necr/Air       28%        N/A       10%         2
 Ensorcelled Hibernation  Hex/Ice        22%        N/A       13%         2
 Spider Form              Tmut/Pois      9%         N/A       14%         3
 Call Canine Familiar     Summ           16%        N/A       16%         3
 Summon Guardian Golem    Hex/Summ       13%        N/A       21%         3
 Dispel Undead            Necr           11%        3d9       63%         4
 Death Channel            Necr           5%         N/A       100%        6
 Chain Lightning          Conj/Air       19%        3d26      100%        9
 Fire Storm               Conj/Fire      23%        8d6       100%        9
 Shatter                  Erth           5%         3d8*      100%        9


Dungeon Overview and Level Annotations

Branches:
Dungeon (6/15)             Temple (1/1) D:5

Altars:
Ashenzari
Elyvilon
Hepliaklqana
Kikubaaqudgha
Sif Muna
Vehumet

Shops:
D:1 !


Message History

As you read the scroll labelled ZECEC HERGHASS, it crumbles to dust.
You speak a Word of immense power!
Your crimson imp convulses!
You kill your crimson imp!
Your crimson imp disappears in a puff of smoke!
Grinder convulses!
You kill Grinder!
Vehumet accepts your kill.
It was a scroll of holy word.
The electric eel shoots out a bolt of lightning at you!
The bolt of electricity hits the plant!
The plant begins to die.
The bolt of electricity hits you!
* * * LOW HITPOINT WARNING * * *
The electric eel is engulfed in noxious fumes.
The electric eel appears confused.
The electric eel flops around on dry land!
Unknown command.
As you read the scroll labelled AWO WEDELOZUAMNOADD, it crumbles to dust.
It is a scroll of brand weapon.
Your +0 shortbow emits a brilliant flash of light!
E - a +0 vorpal shortbow The water moccasin bites you.
* * * LOW HITPOINT WARNING * * *
The electric eel dives back into the water!
The water moccasin closely misses you.
Blink to where?
Press: ? - help, Dir - move target, p - electric eel Splash!
A necrophage comes into view.
As you read the scroll labelled ATOLUBAUCU, it crumbles to dust.
It was a scroll of blinking.
You feel stable enough to blink again.
The water moccasin bites the plant.
The plant begins to die.
The water moccasin bites the plant.
The plant begins to die.
A nearby plant withers and dies.
The water moccasin bites the plant.
The electric eel shoots out a bolt of lightning at you!
The bolt of electricity hits the plant!
The plant begins to die.
The bolt of electricity hits the plant!
The plant begins to die.
The bolt of electricity hits you!
You die...

#.# #. #.# #. #.# #.
#.##### #. #....P### ##.##
#.P≈P≈P@### # #...#
#.P≈PPPP..###.#
#...######.P.≈≈♣≈PP..#.#
.............PP≈≈≈♣P.P≈####
.##.##.###...≈≈P.≈≈♣n≈≈PP.#
#..##.# #.#......PP♣≈S≈P≈.#
.#.###.#
#.#######.P♣≈≈≈≈PP#
.#.###.# #.####
#≈≈PP♣♣≈≈≈P# .......#
#../.###P≈P♣≈≈≈≈P.#


You could see a necrophage and an electric eel.

Vanquished Creatures
  Pikel (D:4)
  Grinder (D:6)
  Sigmund (D:2)
  A sky beast (D:6)
  A centaur (D:5)
  An ogre (D:5)
  A phantom (D:5)
  A kobold brigand (D:4)
  A gnoll sergeant (D:5)
  2 scorpions (D:5)
  A water moccasin skeleton (D:5)
  Crazy Yiuf (D:4)
  2 hounds
  An iguana (D:4)
  An orc priest (D:5)
  Jessica (D:2)
  Ijyb (D:5)
  An orc wizard (D:5)
  A hound skeleton (D:4)
  A howler monkey zombie (D:5)
  4 gnolls (D:5)
  A howler monkey skeleton (D:5)
  5 adders
  An adder skeleton (D:4)
  2 dart slugs
  A worm (D:3)
  9 orcs (D:5)
  5 ball pythons
  3 bats
  6 endoplasms
  2 giant cockroaches (D:1)
  3 goblins
  3 hobgoblins
  2 jackals (D:5)
  2 kobolds
  A quokka (D:4)
  2 frilled lizards
  4 rats (D:1)
78 creatures vanquished.

Vanquished Creatures (others)
  9 plants (D:6)
9 creatures vanquished.

Grand Total: 87 creatures vanquished

Notes
Turn   | Place    | Note
-------+----------+-------------------------------------------
     0 | D:1      | pokeman the Deep Elf Hedge Wizard began the quest for the
                  | Orb.
     0 | D:1      | Reached XP level 1. HP: 10/10 MP: 7/7
   206 | D:1      | Reached XP level 2. HP: 16/16 MP: 5/9
   261 | D:1      | Found a faded altar of an unknown god.
   738 | D:1      | Found Josmaa's Distillery.
   742 | D:1      | Bought a potion of curing for 36 gold pieces
  1021 | D:2      | Noticed Jessica
  1024 | D:2      | Killed Jessica
  1025 | D:2      | Reached skill level 1 in Fighting
  1025 | D:2      | Reached skill level 5 in Spellcasting
  1025 | D:2      | Reached XP level 3. HP: 20/20 MP: 6/11
  1029 | D:2      | Learned a level 3 spell: Mephitic Cloud
  1032 | D:2      | Learned a level 2 spell: Call Imp
  1035 | D:2      | Learned a level 2 spell: Blink
  1039 | D:2      | Learned a level 3 spell: Conjure Flame
  1068 | D:2      | Reached skill level 1 in Armour
  1226 | D:2      | Noticed Sigmund
  1262 | D:2      | Killed Sigmund
  1263 | D:2      | Reached skill level 6 in Spellcasting
  1263 | D:2      | Reached skill level 1 in Fire Magic
  1263 | D:2      | Reached XP level 4. HP: 8/25 MP: 1/14
  1263 | D:2      | Reached XP level 5. HP: 9/29 MP: 1/16
  2119 | D:3      | Reached XP level 6. HP: 30/34 MP: 14/17
  2195 | D:3      | Found a broken altar of Ashenzari.
  3314 | D:4      | Reached skill level 7 in Spellcasting
  3314 | D:4      | Reached skill level 1 in Air Magic
  3694 | D:4      | Noticed Pikel
  4279 | D:4      | Found a runed translucent door.
  4280 | D:4      | Noticed Crazy Yiuf
  4298 | D:4      | Killed Crazy Yiuf
  4412 | D:4      | Killed Pikel
  4413 | D:4      | Reached skill level 8 in Spellcasting
  4413 | D:4      | Reached XP level 7. HP: 38/38 MP: 9/21
  4505 | D:5      | Entered Level 5 of the Dungeon
  4655 | D:5      | Reached XP level 8. HP: 36/43 MP: 12/22
  4788 | D:5      | Noticed Ijyb
  4793 | D:5      | Reached skill level 9 in Spellcasting
  4803 | D:5      | Killed Ijyb
  5231 | D:5      | Found a white marble altar of Elyvilon.
  5236 | D:5      | Identified the +0 ring mail of Dithmenos's Scorn {Rampage
                  | rF+ rCorr}
  5488 | D:5      | Reached skill level 5 in Conjurations
  5811 | D:5      | Found a staircase to the Ecumenical Temple.
  5834 | Temple   | Entered the Ecumenical Temple
  5961 | Temple   | Became a worshipper of Vehumet
  6023 | D:5      | Found an ancient bone altar of Kikubaaqudgha.
  6406 | D:6      | Reached skill level 10 in Spellcasting
  6450 | D:6      | Noticed Grinder
  6475 | D:6      | Killed Grinder
  6482 | D:6      | Killed from afar by an electric eel

Illustrated notes

Levels and vault maps discovered:
D:1:      eino_arrival_water_cross, layout_rooms,
          dreamdust_ecumenical_altar_statues, serial_shops,
          nicolae_shop_behind_doors, minmay_octomino_e4
D:2:      layout_rooms, serial_curves, eino_curves_01, eino_curves_02,
          eino_curves_02, uniq_sigmund, uniq_jessica
D:3:      layout_basic, cheibrodos_ashenzari_chains, serial_rivers,
          chequers_serial_rivers_small_b, chequers_serial_rivers_room_a,
          chequers_serial_rivers_micro_c, chequers_serial_rivers_micro_e,
          chequers_serial_rivers_small_b, chequers_serial_rivers_small_a
D:4:      layout_loops_ring, uniq_crazy_yiuf_cottage, uniq_pikel
D:5:      layout_loops_ring, elyvilon_altar_5, mainiacjoe_overflow_brackets,
          minmay_temple_entry_nine_rooms, uniq_ijyb
D:6:      layout_loops_cross, nicolae_gozag_zags_fifth_avenue,
          serial_bayou_lagoon_a, uniq_grinder
Temple:   nicolae_temple_figure_eight

Skill      XL: |  1  2  3  4  5  6  7  8 |
---------------+-------------------------+-----
Fighting       | 1 2 |  2.1
Spellcasting   | 5 6 8 10 | 10.4
Armour         | 1 |  1.4
Conjurations   | 2 3 4 5 |  5.5
Dodging        | 3 |  3.3
Fire Magic     | 1 3 |  3.6
Stealth        | 3 |  3.0
Air Magic      | 1 |  1.1
Poison Magic   | 2 3 |  3.0
Evocations     | 2 3 |  3.0
Summonings     | |  1.1
Translocations | |  1.1

Action                   |  1- 3 |  4- 6 |  7- 9 || total
-------------------------+-------+-------+-------++-------
Melee: Dagger            |     4 |    19 |     9 ||    32
       Staff             |       |       |    11 ||    11
 Cast: Magic Dart        |    59 |    61 |    66 ||   186
       Mephitic Cloud    |     1 |     4 |    10 ||    15
       Conjure Flame     |     1 |     3 |     4 ||     8
       Call Imp          |       |     2 |     1 ||     3
       Blink             |       |       |     1 ||     1
  Use: Scroll            |       |       |     3 ||     3
 Stab: Confused          |       |     4 |       ||     4
Armor: Robe              |     1 |       |       ||     1
       Leather armour    |     1 |     8 |     5 ||    14
Dodge: Dodged            |     4 |    22 |    27 ||    53
       Repelled          |       |     1 |     1 ||     2

Table legend: (Time is in decaauts)
 A = Elapsed time spent in this place.
 B = Non-inter-level travel time spent in this place.
 C = Inter-level travel time spent in this place.
 D = Time resting spent in this place.
 E = Time spent auto-exploring this place.
 F = Levels seen in this place.
 G = Mean time per level.
                   A        B        C        D        E       F      G
               +--------+--------+--------+--------+--------+-----+--------+
         Total |   6482 |   6250 |    232 |    277 |   5279 |   7 |  926.0 |
       Dungeon |   6342 |   6121 |    221 |    277 |   5158 |   6 | 1057.0 |
        Temple |    139 |    128 |     11 |      0 |    121 |   1 |  139.0 |
               +--------+--------+--------+--------+--------+-----+--------+

Top non-repeatable levels by time:
     D:5: 1697 daAuts
     D:3: 1489 daAuts
     D:4: 1098 daAuts
     D:1: 978 daAuts
     D:2: 939 daAuts
  Temple: 139 daAuts
     D:6: 139 daAuts
